 Dungeon Crawl Stone Soup version 0.26-a0-712-ga5a9c9c9d0 (webtiles) character file.

Game seed: 3266240867205194521

128 kae the Changer (level 5, -1/66 HPs)
             Began as a Naga Transmuter on Nov 5, 2020.
             Was an Initiate of Cheibriados.
             Slain by Natasha (6 damage)
             ... on level 2 of the Dungeon.
             The game lasted 00:02:31 (2802 turns).

kae the Changer (Naga Transmuter)                   Turns: 2802, Time: 00:02:31

Health: -1/66      AC: 22    Str: 15    XL:     5   Next: 11%
Magic:  2/8        EV:  1    Int: 14    God:    Cheibriados [......]
Gold:   88         SH:  0    Dex: 12    Spells: 4/8 levels left

rFire    . . .     SeeInvis +     - Unarmed
rCold    . . .     Faith    .   (no shield)
rNeg     + + +     Spirit   .   (armour currently unavailable)
rPois    +         Reflect  .   (helmet currently unavailable)
rElec    .         Harm     .   (cloak currently unavailable)
rCorr    .         Rampage  .   (gloves currently unavailable)
MR       .....     NoTele   +   (no barding)
Stlth    +.........             (no amulet)
HPRegen  0.21/turn              (no ring)
MPRegen  0.11/turn              (no ring)

@: short of breath, tree-form, very slightly contaminated, very slow
A: large, see invisible, spit poison 1, AC +1
a: Spit Poison, Bend Time, Renounce Religion


You were on level 2 of the Dungeon.
You worshipped Cheibriados.
Cheibriados was noncommittal.
You were a tree.
You visited 1 branch of the dungeon, and saw 2 of its levels.

You collected 88 gold pieces.

Inventory:

Armour
 a - a +0 robe (melded)
 d - a +0 cloak (melded)
Scrolls
 b - 9 scrolls of identify
 c - a scroll of enchant weapon {unknown}
 e - 2 scrolls of remove curse
 h - a scroll of magic mapping {unknown}
Potions
 g - a potion of lignification


   Skills:
 - Level 1.0 Fighting
 - Level 1.5 Dodging
 + Level 4.0 Unarmed Combat
 - Level 2.0 Spellcasting
 * Level 4.3 Transmutations


You had 4 spell levels left.
You knew the following spells:

 Your Spells              Type           Power        Failure   Level
a - Beastly Appendage     Tmut           ##....       4%          1
b - Spider Form           Tmut/Pois      #.........   28%         3

Your spell library contained the following spells:

 Spells                   Type           Power        Failure   Level
 Wereblood                Tmut           ##......     6%          2
 Ice Form                 Ice/Tmut       #.......     67%         4
 Blade Hands              Tmut           ##........   73%         5


Dungeon Overview and Level Annotations

Branches:
Dungeon (2/15)

Altars:
Cheibriados
Dithmenos
Hepliaklqana
The Shining One

Annotations:
D:2 Natasha


Innate Abilities, Weirdness & Mutations

You cannot wear boots.
((Your serpentine skin is tough. (AC +1)))
You have supernaturally acute eyesight. (SInv)
((Armour fits poorly on your strangely shaped body.))
((Your system is resistant to poisons. (rPois)))
((You cover ground very slowly.))
You can spit poison.


Message History

Natasha is severely wounded.
Natasha claws you! The crimson imp misses you.
Casting: Spider Form (quite dangerous; 28% risk of failure)
Confirm with . or Enter, or press ? or * to list all spells.
You don't know that spell.
Press: ? - help, Shift-Dir - straight line, f/p - Natasha
Aim: Natasha (severely wounded)
The splash of poison misses Natasha.
Natasha casts a spell at you. The magic dart hits you!
* * * LOW HITPOINT WARNING * * *
The crimson imp blinks!
It was a potion of lignification.
Your horns disappear.
You turn into a tree.
Your +0 cloak melds into your body.
Your +0 robe melds into your body.
Your roots penetrate the ground.
Natasha howls an incantation.
You feel disoriented. Natasha claws you.
You die...

***** #.# ,,,,* #.# ***,* #.# *,*
#.# *,* #.# ***)******
#.############# ,,,),,,,,*
#.............# ***,****,****
#.###########.#
***,***,,,,,***#♣#**########.##
,,,,,,,,,......§h......>......#
,,,,,,,,*##.#.#..###########..#
,**,,,,,***..(..5# #######..###
,*,,,,,,,...,._..#***#......<....
,,),,,,,,..,._8_..,,,,###.....###
,**)*,,,,.,..._...,,,,* #####.#
,**,,,,,,,........,,,,**#####.#
,**,*(,***,,,**,,*,,...,#.....#


You could see Natasha and a crimson imp (summoned).

Vanquished Creatures
  Natasha (D:2)
  4 gnolls
  2 adders (D:2)
  A worm (D:2)
  A dart slug (D:2)
  A leopard gecko (D:1)
  A ball python (D:2)
  2 giant cockroaches
  4 goblins
  9 hobgoblins
  2 jackals (D:1)
  2 bats (D:1)
  2 frilled lizards (D:1)
  6 kobolds (D:2)
  5 rats
43 creatures vanquished.

Notes
Turn   | Place    | Note
-------+----------+-------------------------------------------
     0 | D:1      | kae the Naga Transmuter began the quest for the Orb.
     0 | D:1      | Reached XP level 1. HP: 18/18 MP: 3/3
   338 | D:1      | Reached XP level 2. HP: 12/25 MP: 5/5
   915 | D:1      | Reached XP level 3. HP: 24/31 MP: 6/6
  1410 | D:2      | Found a snail-covered altar of Cheibriados.
  1410 | D:2      | Found a hazy altar of Hepliaklqana.
  1410 | D:2      | Found a glowing golden altar of the Shining One.
  1419 | D:2      | Learned a level 3 spell: Spider Form
  1426 | D:2      | Reached XP level 4. HP: 28/38 MP: 0/7
  1518 | D:2      | Found a shadowy altar of Dithmenos.
  1583 | D:2      | Became a worshipper of Cheibriados the Contemplative
  2551 | D:2      | Noticed Natasha
  2567 | D:2      | Killed Natasha
  2567 | D:2      | Reached XP level 5. HP: 27/44 MP: 5/8
  2763 | D:2      | Noticed Natasha
  2788 | D:2      | Found a shadowy altar of Dithmenos.
  2788 | D:2      | Found a hazy altar of Hepliaklqana.
  2788 | D:2      | Found a glowing golden altar of the Shining One.
  2789 | D:2      | Found a snail-covered altar of Cheibriados.
  2802 | D:2      | Slain by Natasha

Illustrated notes

Levels and vault maps discovered:
D:1:      psy_arrival_statuary, layout_loops_corners
D:2:      minmay_general_purpose_star, layout_basic,
          chequers_temple_overflow_statue_of_worship, uniq_natasha

Skill      XL: |  1  2  3  4 |
---------------+-------------+-----
Transmutations | 3 4 |  4.3
Unarmed Combat | 4 |  4.0
Fighting       | |  1.0
Dodging        | |  1.5
Spellcasting   | |  2.0

Action                   |  1- 3 |  4- 6 || total
-------------------------+-------+-------++-------
Melee: Unarmed           |    50 |    62 ||   112
       Headbutt          |    11 |     3 ||    14
       Punch             |       |     1 ||     1
 Cast: Beastly Appendage |    12 |     5 ||    17
       Spider Form       |     1 |     2 ||     3
 Abil: Spit Poison       |    15 |    11 ||    26
  Use: Scroll            |     2 |       ||     2
       Potion            |     1 |     2 ||     3
Armor: Robe              |    11 |     6 ||    17
Dodge: Dodged            |    29 |    49 ||    78

Table legend: (Time is in decaauts)
 A = Elapsed time spent in this place.
 B = Non-inter-level travel time spent in this place.
 C = Inter-level travel time spent in this place.
 D = Time resting spent in this place.
 E = Time spent auto-exploring this place.
 F = Levels seen in this place.
 G = Mean time per level.
                   A        B        C        D        E       F      G
               +--------+--------+--------+--------+--------+-----+--------+
         Total |   3613 |   3560 |     53 |    250 |   2841 |   2 | 1806.5 |
       Dungeon |   3613 |   3560 |     53 |    250 |   2841 |   2 | 1806.5 |
               +--------+--------+--------+--------+--------+-----+--------+

Top non-repeatable levels by time:
     D:2: 2063 daAuts
     D:1: 1549 daAuts
